 Dungeon Crawl Stone Soup version 0.28-a0-1033-g1a2f33fa85 (webtiles) character file.

Game seed: 15315565093378439949

485 sanka the Chopper (level 6, 0/50 HPs)
             Began as a Palentonga Monk on Dec 7, 2021.
             Slain by an ogre (30 damage)
             ... on level 5 of the Dungeon.
             The game lasted 00:07:36 (6026 turns).

sanka the Chopper (Palentonga Monk)                 Turns: 6026, Time: 00:07:37

Health: 0/50       AC:  4    Str: 20    XL:     6   Next: 88%
Magic:  6/6        EV: 10    Int: 13    God:
Gold:   195        SH:  5    Dex: 13    Spells: 5/5 levels left

rFire   + . .      SeeInvis +   a - +0 hand axe
rCold   . . .      Faith    .   (no shield)
rNeg    . . .      Spirit   .   b - +0 robe
rPois   +          Reflect  +   (no helmet)
rElec   +          Harm     .   (no cloak)
rCorr   .          Rampage  .   (no gloves)
Will    .....                   (no barding)
Stlth   ++........              g - amulet of reflection
HPRegen 0.16/turn               n - ring of Efoann {rElec rF+ Str+4 Int+3}
MPRegen 0.10/turn               i - ring of poison resistance

@: no status effects
A: large, rugged brown scales 3, see invisible, deformed body, roll 1, armoured
tail
a: Rolling Charge


You were on level 5 of the Dungeon.
You visited 1 branch of the dungeon, and saw 6 of its levels.

You collected 300 gold pieces.
You spent 105 gold pieces at shops.


Innate Abilities, Weirdness & Mutations

You are completely covered in rugged brown scales. (AC +3, +7% HP)
You have supernaturally acute eyesight. (SInv)
Armour fits poorly on your strangely shaped body.
You can roll at nearby foes to attack.
You have a long armoured tail.


   Skills:
 - Level 3.0 Fighting
 + Level 7.9 Axes
 - Level 2.4 Dodging
 - Level 1.2 Stealth


You had 5 spell levels left.
You didn't know any spells.
Your spell library contained the following spells:

 Spells                   Type           Power      Damage    Failure   Level
 Animate Skeleton         Necr           0%         N/A       30%         1
 Conjure Flame            Conj/Fire      0%         6-21      67%         3
 Gell's Gravitas          Tloc           0%         N/A       67%         3
 Ignite Poison            Fire/Tmut/Pois 0%         N/A       67%         3
 Lesser Beckoning         Tloc           0%         N/A       67%         3
 Mephitic Cloud           Conj/Pois/Air  0%         N/A       67%         3
 Summon Guardian Golem    Hex/Summ       0%         N/A       67%         3
 Teleport Other           Tloc           0%         N/A       67%         3
 Sticky Flame             Conj/Fire      0%         2d3       97%         4
 Freezing Cloud           Conj/Ice/Air   0%         6-21      100%        5
 Summon Forest            Summ/Tloc      0%         N/A       100%        5

Inventory:

Hand Weapons
 a - a +0 hand axe (weapon)
 k - a +2 dagger of venom
 x - a +0 lajatang
Armour
 b - a +0 robe (worn)
Jewellery
 g - an amulet of reflection (around neck)
 i - a ring of poison resistance (right hand)
 n - the ring of Efoann (left hand) {rElec rF+ Str+4 Int+3}

   [ring of protection from fire]

   Str:       It affects your strength (+4).
   Int:       It affects your intelligence (+3).
   rF:        It protects you from fire.
   rElec:     It insulates you from electricity.
Wands
 p - a wand of digging (3)
 t - a wand of paralysis (12)
Scrolls
 c - a scroll of identify {unknown}
 e - 4 scrolls of teleportation {@r4}
 f - a scroll of enchant armour {unknown}
 j - a scroll of amnesia {unknown}
 l - a scroll of silence {unknown}
 m - a scroll of fog {unknown}
 r - 2 scrolls of acquirement {unknown}
 u - a scroll of immolation {unknown}
 v - a scroll of torment {unknown}
Potions
 d - 2 potions of cancellation {unknown}
 h - 3 potions of curing {unknown}
 o - a potion of lignification {unknown}
 q - a potion of ambrosia {unknown}
 s - a potion of heal wounds {unknown}
 w - 2 potions of brilliance {unknown}

Dungeon Overview and Level Annotations

Branches:
Dungeon (6/15)
 Temple: D:4-7

Altars:
Gozag
Kikubaaqudgha
Nemelex Xobeh
Trog
Xom

Shops:
D:3 *

Annotations:
D:3 2 runed translucent doors, bjarki66's ghost, amateur NaTm
D:5 exclusions: ogre and sky beast

▒▒.........▒▒
▒...........▒▒
▒............▒
▒▒▒▒▒....[.......▒▒
..▒▒..............▒▒
...................▒
▒▒...........>.....▒▒
▒▒▒..........°☼....▒
▒▒▒..........HO..▒▒ ▒
▒▒▒..▒..........▒▒ ▒
▒..▒▒▒▒▒▒▒▒▒▒...▒▒▒ ▒
▒▒..▒ ▒▒▒)..▒▒ ▒▒▒▒▒..▒▒
▒▒▒▒....▒ ▒.....▒▒▒▒▒▒
▒▒▒▒.......▒
▒▒..>.......▒▒▒..........▒
▒....<...(............▒▒▒▒
.................5▒▒▒▒▒


You could see an ogre.


Message History

You barely resist.
The orc priest mumbles some strange prayers to Beogh against you.
Beogh smites you!
The orc priest invokes the aid of Beogh against you.
Beogh smites you!
* * * LOW HITPOINT WARNING * * *
You hear a shout!
You climb upwards.
Level annotation: exclusions: ogre and sky beast
There is a stone staircase leading down here.
You start resting.
An ogre is nearby!
The ogre shouts!
Use which ability? (? or * to list) Roll where?
Aim: an ogre, wielding a +0 giant club You roll forward with a clatter of scales!
You barely miss the ogre. The ogre closely misses you.
You hit the ogre but do no damage. You tail-slap the ogre.
The ogre is lightly wounded.
The ogre hits you with a +0 giant club!!
Unknown command.
You slash the ogre!
Your tail-slap misses the ogre.
The ogre is heavily wounded.
The ogre hits you with a +0 giant club!!
Ouch! That really hurt!
You die...

Action                   |  1- 3 |  4- 6 || total
-------------------------+-------+-------++-------
Melee: Hand axe          |    68 |   214 ||   282
       Tailslap          |     9 |    33 ||    42
 Abil: Rolling Charge    |     2 |     2 ||     4
  Use: Scroll            |       |     1 ||     1
 Stab: Sleeping          |     1 |     1 ||     2
Armor: Robe              |    22 |    58 ||    80
Dodge: Dodged            |    32 |    77 ||   109
Block: Other             |    13 |    44 ||    57
       Reflection        |     2 |     2 ||     4

Levels and vault maps discovered:
D:1:      eino_arrival_water_cross, layout_basic,
          shapermc_ecumenical_altar_mp_ritualfount, eino_curves_01
D:2:      layout_basic, basic_altar, minmay_tetromino_t4
D:3:      layout_rooms, bloody_trog, mainiacjoe_overflow_brackets,
          nicolae_gozag_seed_capital, ebering_ghost_disaster_area, serial_shops,
          nicolae_shop_advertising_works [nicolae_subvault_shop_adworks],
          minmay_misc_feat_square, uniq_terence
D:4:      layout_loops_ring, mainiacjoe_overflow_concentric_impassable,
          serial_undead, serial_undead_b, serial_undead_f, serial_undead_f,
          serial_undead_c, serial_undead_f
D:5:      layout_cave_pods, kennysheep_mini, minmay_gold_behind_fungi,
          cheibrodos_gnoll_hut
D:6:      layout_loops_ring, minmay_misc_feat_enclosed,
          nicolae_shop_sticking_my_neck_out

Notes
Turn   | Place    | Note
-------+----------+-------------------------------------------
     0 | D:1      | sanka the Palentonga Monk began the quest for the Orb.
     0 | D:1      | Reached XP level 1. HP: 19/19 MP: 1/1
   261 | D:1      | Reached XP level 2. HP: 16/25 MP: 2/2
   369 | D:1      | Found a faded altar of an unknown god.
   542 | D:2      | Reached skill level 4 in Axes
   597 | D:2      | Found a sparkling altar of Nemelex Xobeh.
   620 | D:2      | Reached XP level 3. HP: 17/31 MP: 3/3
  1196 | D:2      | Reached XP level 4. HP: 34/37 MP: 4/4
  1364 | D:2      | Reached skill level 5 in Axes
  1852 | D:3      | Noticed Terence
  1885 | D:3      | Found a bloodstained altar of Trog.
  1886 | D:3      | Found a large runed translucent door.
  1887 | D:3      | Found a large runed translucent door.
  2288 | D:3      | Found an opulent altar of Gozag.
  2462 | D:3      | Found Lurhergh's Assorted Antiques.
  2490 | D:3      | Bought an ancient glass ring for 105 gold pieces
  2490 | D:3      | Identified the ring of Efoann {rElec rF+ Str+4 Int+3} (You
                  | bought it in a shop on level 3 of the Dungeon)
  2740 | D:3      | Found an ancient bone altar of Kikubaaqudgha.
  2936 | D:3      | Noticed bjarki66's ghost (amateur NaTm)
  2956 | D:4      | Reached XP level 5. HP: 43/43 MP: 5/5
  3233 | D:4      | Reached skill level 6 in Axes
  3273 | D:4      | Found a shimmering altar of Xom.
  3409 | D:4      | Noticed an ogre
  3869 | D:3      | Killed Terence
  4094 | D:5      | Entered Level 5 of the Dungeon
  4251 | D:5      | Noticed an ogre
  4279 | D:5      | Noticed a sky beast
  4320 | D:5      | Reached skill level 7 in Axes
  4320 | D:5      | Reached XP level 6. HP: 15/50 MP: 6/6
  4965 | D:5      | Got the Disquisition on the Dark Entourage
  5857 | D:6      | Noticed an orc warrior
  6026 | D:5      | Slain by an ogre

Vanquished Creatures
  A scorpion (D:5)
  5 hounds (D:5)
  A jelly (D:5)
  A centaur skeleton (D:4)
  Terence (D:3)
  An orc wizard (D:2)
  A hound zombie (D:4)
  2 gnolls
  A howler monkey skeleton (D:5)
  5 adders (D:2)
  A white imp (D:5)
  An ufetubus (D:5)
  An adder zombie (D:4)
  2 adder skeletons (D:4)
  2 worms
  2 dart slugs (D:3)
  6 orcs
  3 ball pythons
  3 endoplasms
  3 giant cockroaches
  5 goblins
  3 hobgoblins
  3 quokkas
  3 bats
  5 frilled lizards
  4 kobolds
  3 rats
  2 toadstools (D:5)
71 creatures vanquished.

Vanquished Creatures (others)
  4 plants (D:1)
  3 toadstools (D:5)
7 creatures vanquished.

Grand Total: 78 creatures vanquished
